 Dungeon Crawl Stone Soup version 0.22.1-1-ga44c0e56f4 (webtiles) character file.

4039 Flubber the Grappler (level 10, -18/98 HPs)
             Began as a Troll Berserker on Oct 27, 2018.
             Was a High Priest of Trog.
             Demolished by a two-headed ogre
             ... wielding a +0 dire flail
              (19 damage)
             ... on level 8 of the Dungeon.
             The game lasted 00:16:34 (5424 turns).

Flubber the Grappler (Troll Berserker)              Turns: 5424, Time: 00:16:34

Health: -18/98     AC:  5    Str: 28    XL:     10   Next: 4%
Magic:  9/9        EV: 12    Int:  3    God:    Trog [*****.]
Gold:   445        SH:  4    Dex: 11    Spells: 9/9 levels left

rFire    . . .     SeeInvis +     - Unarmed
rCold    . . .     Gourm    +   (no shield)
rNeg     . . .     Faith    .   a - +0 animal skin
rPois    .         Spirit   .   (helmet restricted)
rElec    .         Reflect  +   (no cloak)
rCorr    .         Harm     .   (gloves unavailable)
MR       .....                  (boots unavailable)
Stlth    +.........             i - +4 amulet of reflection
HPRegen  0.66/turn              d - ring of see invisible
MPRegen  0.11/turn              (no ring)

@: berserk cooldown
A: large, unfitting armour, claws 3, horns 1, blurry vision 1, fast metabolism
3, gourmand, regeneration 1, shaggy fur 1, tough skin 2, wild magic 1
a: Berserk, Trog's Hand, Brothers in Arms, Renounce Religion


You were on level 8 of the Dungeon.
You worshipped Trog.
Trog was extremely pleased with you.
You were completely stuffed.

You visited 1 branch of the dungeon, and saw 8 of its levels.

You collected 445 gold pieces.

Inventory:

Missiles
 e - 8 tomahawks (quivered)
 h - 40 poisoned needles
Armour
 a - a +0 animal skin (worn)
Jewellery
 d - a ring of see invisible (left claw)
 i - a +4 amulet of reflection (around neck)
Wands
 f - a wand of paralysis (17)
 m - a wand of iceblast (5)
 p - a wand of flame (33)
Scrolls
 c - 3 scrolls of identify
 k - 5 scrolls of remove curse
 l - a scroll of enchant weapon
 o - a scroll of vulnerability {unknown}
Potions
 g - a potion of curing
 j - a potion of flight
Comestibles
 b - 21 rations
 q - 6 chunks of flesh


   Skills:
 + Level 5.7 Fighting
 + Level 1.5 Armour
 - Level 5.7 Dodging
 - Level 0.4 Stealth
 * Level 11.5 Unarmed Combat


You had 9 spell levels left.
You didn't know any spells.
Your spell library was empty.

Dungeon Overview and Level Annotations

Branches:
Dungeon (8/15)             Temple (0/1) D:7
   Lair: D:8-11

Altars:
Dithmenos
Elyvilon
Hepliaklqana
Ru

Shops:
D:8 *


Innate Abilities, Weirdness & Mutations

You are too large for most types of armour.
You have claws for hands.
Your metabolism is lightning-fast.
You like to eat raw meat.
Your natural rate of healing is unusually fast.
You are covered in fur. (AC +1)
You have very tough skin. (AC +2)
You have a pair of small horns on your head.
Scrolls take you a little longer to read.
Your spells are a little harder to cast, but a little more powerful.


Message History

You feel much better.
The two-headed ogre hits you with a dire flail!
* * * LOW HITPOINT WARNING * * *
The two-headed ogre hits you with a giant spiked club!
* * * LOW HITPOINT WARNING * * *
You scratch the two-headed ogre.
The two-headed ogre is moderately wounded.
You feel yourself speed up. The two-headed ogre barely misses you.
The two-headed ogre closely misses you.
Really read with blurry vision while enemies are nearby?
Okay, then.
You claw the two-headed ogre!
The two-headed ogre is heavily wounded.
The two-headed ogre barely misses you.
The two-headed ogre hits you with a giant spiked club!
* * * LOW HITPOINT WARNING * * *
You mangle the two-headed ogre!! You headbutt the two-headed ogre.
The two-headed ogre is almost dead.
The two-headed ogre hits you with a dire flail!!
You die...

.. .. . . ######..
.. #....#.# ... ...
#....#.# .
....#@...#.#
....#O.))#.# #
..........)#.###.###
.# #
....................
.#.#
#........###.###.##
....
##'#####.###)###.#
....
.O...............#
....
........∩........#
.#.#. ..
...####.######..#


You could see a two-headed ogre.

Vanquished Creatures
  A spriggan (D:7)
  A wyvern (D:8)
  A water moccasin (D:7)
  A sky beast (D:7)
  4 orc warriors
  2 ice beasts
  3 ogres
  5 centaurs
  A big kobold (D:7)
  3 bullfrogs
  Blork the orc (D:5)
  3 scorpions
  6 killer bees (D:7)
  3 wights (D:7)
  2 howler monkeys (D:4)
  9 crimson imps
  6 hounds
  A quasit (D:8)
  A jelly (D:5)
  5 orc priests
  5 orc wizards
  A centaur skeleton (D:4)
  4 iguanas
  5 worker ants
  2 hound skeletons
  A worker ant zombie (D:5)
  A gnoll (D:4)
  A howler monkey skeleton (D:5)
  12 adders
  An ooze (D:1)
  An adder zombie (D:8)
  An adder skeleton (D:4)
  3 worms
  A dart slug (D:2)
  7 leopard geckos
  27 orcs
  A giant cockroach (D:1)
  11 goblins
  7 hobgoblins
  8 jackals
  11 kobolds
  4 quokkas
  2 ball pythons
  9 bats
  11 frilled lizards
  A quokka zombie (D:5)
  10 rats
207 creatures vanquished.

Vanquished Creatures (collateral kills)
  3 orcs (D:7)
  A jackal (D:7)
4 creatures vanquished.

Grand Total: 211 creatures vanquished

Notes
Turn   | Place    | Note
-------+----------+-------------------------------------------
     0 | D:1      | Flubber the Troll Berserker began the quest for the Orb.
     0 | D:1      | Reached XP level 1. HP: 22/22 MP: 0/0
   121 | D:1      | Reached XP level 2. HP: 25/29 MP: 1/1
   417 | D:1      | Reached ** piety under Trog
   528 | D:1      | Reached XP level 3. HP: 35/36 MP: 2/2
   833 | D:2      | Reached skill level 4 in Unarmed Combat
  1069 | D:2      | Reached XP level 4. HP: 44/44 MP: 3/3
  1152 | D:2      | Found a hazy altar of Hepliaklqana.
  1153 | D:2      | Found a sacrificial altar of Ru.
  1508 | D:3      | Reached skill level 5 in Unarmed Combat
  1584 | D:3      | Reached XP level 5. HP: 52/52 MP: 4/4
  2427 | D:4      | Reached skill level 6 in Unarmed Combat
  2431 | D:4      | Reached *** piety under Trog
  2431 | D:4      | Reached XP level 6. HP: 47/59 MP: 5/5
  2970 | D:5      | Entered Level 5 of the Dungeon
  2989 | D:5      | Noticed Blork the orc
  2998 | D:5      | Killed Blork the orc
  2998 | D:5      | Reached skill level 7 in Unarmed Combat
  3005 | D:5      | Reached XP level 7. HP: 66/66 MP: 6/6
  3032 | D:5      | Gained mutation: Scrolls take you a little longer to read.
                  | [potion of mutation]
  3032 | D:5      | Gained mutation: Your spells are a little harder to cast,
                  | but a little more powerful. [potion of mutation]
  3032 | D:5      | Gained mutation: You have a pair of small horns on your
                  | head. [potion of mutation]
  3055 | D:5      | Reached skill level 8 in Unarmed Combat
  3345 | D:5      | Reached XP level 8. HP: 64/75 MP: 7/7
  3618 | D:6      | Found a shadowy altar of Dithmenos.
  3624 | D:6      | Reached **** piety under Trog
  3639 | D:6      | Reached skill level 9 in Unarmed Combat
  4101 | D:7      | Reached skill level 10 in Unarmed Combat
  4101 | D:7      | Reached XP level 9. HP: 85/85 MP: 8/8
  4117 | D:7      | Reached skill level 5 in Dodging
  4118 | D:7      | Found a staircase to the Ecumenical Temple.
  4393 | D:7      | Reached ***** piety under Trog
  4439 | D:7      | Reached skill level 5 in Fighting
  4896 | D:7      | Reached skill level 11 in Unarmed Combat
  5136 | D:8      | Reached skill level 1 in Armour
  5206 | D:8      | Reached XP level 10. HP: 93/98 MP: 9/9
  5238 | D:8      | Found a white marble altar of Elyvilon.
  5364 | D:8      | Found Buzuck's General Store.
  5411 | D:8      | Noticed a two-headed ogre
  5423 | D:8      | HP: 1/98 [two-headed ogre/dire flail (17)]
  5424 | D:8      | Demolished by a two-headed ogre

Skill      XL: |  1  2  3  4  5  6  7  8  9 |
---------------+----------------------------+-----
Unarmed Combat | 4 5 6 7 8 10 11 | 11.5
Dodging        | 3 4 5 |  5.7
Fighting       | 3 4 5 |  5.7
Armour         | 1 |  1.5
Stealth        | |  0.4

Action                   |  1- 3 |  4- 6 |  7- 9 | 10-12 || total
-------------------------+-------+-------+-------+-------++-------
Melee: Unarmed           |   109 |   131 |   281 |    20 ||   541
       Punch             |       |     3 |    12 |       ||    15
       Headbutt          |       |       |    39 |     6 ||    45
Invok: Berserk           |       |     1 |     5 |     1 ||     7
       Trog's Hand       |       |       |     2 |       ||     2
       Brothers in Arms  |       |       |     1 |       ||     1
Evoke: Wand              |       |       |     3 |       ||     3
  Use: Potion            |     1 |     2 |     3 |     2 ||     8
       Scroll            |       |     1 |    12 |       ||    13
 Stab: Paralysed         |       |       |     2 |       ||     2
  Eat: Chunk             |    10 |    23 |    27 |     3 ||    63
Armor: Animal skin       |    32 |    38 |    75 |     3 ||   148
Dodge: Dodged            |    49 |    56 |   149 |     8 ||   262
Block: Other             |       |       |    46 |     4 ||    50
       Reflection        |       |       |     1 |       ||     1
